AoeStats
← 海峡

Golden Pit

507227062Analyzed
1v1 RM · 16d ago on Sep 17, 2026· 14m 55s· 2 players
Game mode
Random Map
Map size
Tiny (2 player)
Population
200
Speed
Normal
Resources
Standard
Victory
Conquest
Starting age
Dark Age
Ending age
Imperial Age
RankedLock teamsTeams togetherTeam positionsShared explorationLock speedFull tech treeHidden civsTurbo modeCheats
Victory
Defeat
🇪🇸 Mapuche · Spain
1754
+11
🇨🇳 Maya · China
1650
-11
海峡
0:25 Loom
9:32 Feudal Age
10:29 Double-Bit Axe
14:12 Fletching
FireFarts
7:07 Loom
9:15 Feudal Age
9:45 Champi Runner
10:19 Double-Bit Axe
15:07 Fletching
Connection lost

Rejoining the realm…

Still unreachable

The connection could not be restored.

Session expired

The server has moved on; the page needs a fresh start.